 Dungeon Sprint DCSS version 0.20.1-1-g8b1a95d (console) character file.

486352 hilaritas the Conqueror (level 19, 245/245 HPs)
             Began as a Troll Fighter on Aug 12, 2017.
             Was a Follower of Uskayaw.
             Escaped with the Orb!
             The game lasted 00:48:18 (3099 turns).

hilaritas the Conqueror (Troll Fighter)             Turns: 3099, Time: 00:48:19

Health: 245/245    AC: 49    Str: 33    XL:     19   Next: 17%
Magic:  32/32      EV: 13    Int:  6    God:    Uskayaw [*.....]
Gold:   0          SH: 40    Dex: 11    Spells: 10/18 levels left

rFire    + + +     SeeInvis +   y - +14 obsidian axe {chop, +Fly SInv *Curse} (curse)
rCold    + + .     Gourm    +   A - +18 shield of the Gong {rElec rN+ MR+ EV-5}
rNeg     + + .     Faith    .   l - +12 gold dragon scales
rPois    +         Spirit   .   M - +2 hat {MR+}
rElec    +         Reflect  +   H - +4 dragonskin cloak
rCorr    .         Harm     .   (gloves unavailable)
MR       +++..     NoTele   +   (boots unavailable)
Stlth    ..........             D - brooch of Shielding {Reflect SH+8}
Regen    0.9/turn               T - ring of Phasing {EV+8}
MPRegen  0.3/turn               U - ring "Ycoxkol" {rF++ rC+ Dex+2}

@: no status effects
A: unfitting armour, claws 3, fast metabolism 3, gourmand, regeneration 1,
shaggy fur 1, tough skin 2
0: Orb of Zot
a: Stomp, Renounce Religion, Evoke Flight


You escaped.
You worshipped Uskayaw.
Uskayaw was greatly pleased with you.
You were full.

You visited 1 branch

Inventory:

Hand Weapons
 y - the cursed +14 obsidian axe (weapon) {chop, +Fly SInv *Curse}
   (You found it in the Dungeon)

   It inflicts extra damage upon your enemies.
   It lets you see invisible.
   It lets you fly.
   It curses itself when equipped.
   It has a curse placed upon it.
 S - a +2 war axe of flaming
Missiles
 a - 15 steel javelins (quivered)
 B - 41 large rocks
Armour
 l - +12 gold dragon scales (worn)
 A - the +18 shield of the Gong (worn) {rElec rN+ MR+ EV-5}
   (You found it in the Dungeon)

   It affects your evasion (-5).
   It insulates you from electricity.
   It protects you from negative energy.
   It affects your resistance to hostile enchantments.
 H - the +4 dragonskin cloak (worn)
   (You took it off Tiamat in the Dungeon)
 M - a +2 hat of magic resistance (worn)
Jewellery
 d - a cursed +2 ring of dexterity
 g - the amulet of Resikhlite {Spirit rF++}
   (You found it in the Dungeon)

   [amulet of guardian spirit]

   It causes incoming damage to be split between your health and magic.
   It greatly protects you from fire.
 x - the ring of Goxirr {+Blink rPois MR+ Str+9 Slay-3}
   (You found it in the Dungeon)

   [ring of protection from magic]

   It affects your strength (+9).
   It affects your accuracy and damage with ranged weapons and melee attacks
   (-3).
   It protects you from poison.
   It affects your resistance to hostile enchantments.
   It lets you blink.
 C - the amulet "Dioreggo" {Spirit rN+ MR+ Dex+4}
   (You took it off Sojobo in the Dungeon)

   [amulet of guardian spirit]

   It causes incoming damage to be split between your health and magic.
   It affects your dexterity (+4).
   It protects you from negative energy.
   It affects your resistance to hostile enchantments.
 D - the brooch of Shielding (around neck) {Reflect SH+8}
   (You found it in the Dungeon)

   [amulet of reflection]

   It shields you and reflects attacks.
   It affects your SH (+8).
 G - the ring "Bibeek" {Wiz rF++}
   (You found it in the Dungeon)

   [ring of wizardry]

   It improves your spell success rate.
   It greatly protects you from fire.
 N - the ring "Zeafix" {rPois rF+ rC+ MR- Dex+7}
   (You took it off a merfolk javelineer in the Dungeon)

   [ring of protection from cold]

   It affects your dexterity (+7).
   It protects you from fire.
   It protects you from cold.
   It protects you from poison.
   It affects your resistance to hostile enchantments.
 O - the ring "Ytiboo" {+Blink rN+ MP+9 Dex-3}
   (You found it in the Dungeon)

   [ring of positive energy]

   It affects your dexterity (-3).
   It protects you from negative energy.
   It affects your magic capacity (+9).
   It lets you blink.
 P - an uncursed ring of protection from fire
 T - the ring of Phasing (left claw) {EV+8}
   (You found it in the Dungeon)

   [ring of evasion]

   It affects your evasion (+8).
 U - the ring "Ycoxkol" (right claw) {rF++ rC+ Dex+2}
   (You found it in the Dungeon)

   [ring of protection from cold]

   It affects your dexterity (+2).
   It greatly protects you from fire.
   It protects you from cold.
 W - an uncursed ring of positive energy
 Z - the ring "Ficeogen" {+Fly rF+ rN+ MR+ Str-5}
   (You took it off a spriggan air mage in the Dungeon)

   [ring of protection from magic]

   It affects your strength (-5).
   It protects you from fire.
   It protects you from negative energy.
   It affects your resistance to hostile enchantments.
   It lets you fly.
Wands
 I - a wand of disintegration (7/24)
 J - a wand of iceblast (5/15)
 K - a wand of lightning (5/15)
 L - a wand of acid (5/15)
Scrolls
 k - 4 scrolls of blinking
 o - 3 scrolls of recharging
 p - 7 scrolls of fog
 r - 3 scrolls of identify
 s - 5 scrolls of remove curse
 t - 2 scrolls of fear
Potions
 e - 9 potions of curing
 i - 7 potions of magic
 n - a potion of cancellation
 u - 2 potions of brilliance
 v - 2 potions of invisibility
 w - 4 potions of resistance
 z - 5 potions of agility
 X - 2 potions of flight
Miscellaneous
 c - a lightning rod (1/4)
 E - a phial of floods
 F - 6 boxes of beasts
 Q - 8 sacks of spiders
 R - a lamp of fire
 V - a fan of gales
 Y - 5 phantom mirrors
Comestibles
 b - 42 fruits
 f - 6 bread rations
 h - 3 royal jellies
 m - 4 meat rations


   Skills:
 O Level 27 Fighting
 + Level 23.7 Axes
 O Level 27 Armour
 - Level 8.9 Dodging
 - Level 15.0 Shields
 - Level 1.1 Hexes
 - Level 5.0 Charms
 - Level 5.6 Translocations
 - Level 4.9 Air Magic
 * Level 20.7 Invocations
 * Level 17.3 Evocations


You had 10 spell levels left.
You knew the following spells:

 Your Spells              Type           Power        Failure   Level  Hunger
a - Blink                 Tloc           N/A          34%         2    ###....
b - Swiftness             Chrm/Air       #.......     41%         2    ###....
c - Apportation           Tloc           #.....       22%         1    ##.....
d - Portal Projectile     Hex/Tloc       #.....       86%         3    ####...


Dungeon Overview and Level Annotations

Branches:
Dungeon (1/1)

Altars:
Ashenzari
Cheibriados
Dithmenos
Elyvilon
Fedhas
Gozag
Hepliaklqana
Kikubaaqudgha
Makhleb
Nemelex Xobeh
Okawaru
Qazlal
Ru
Sif Muna
Trog
Uskayaw
Vehumet
Xom
Yredelemnul
Zin
The Shining One
Beogh
Jiyva
Lugonu


Innate Abilities, Weirdness & Mutations

You are too large for most types of armour.
You have claws for hands.
Your metabolism is lightning-fast.
You like to eat raw meat.
Your natural rate of healing is unusually fast.
You are covered in fur. (AC +1)
You have very tough skin. (AC +2)


Message History

You see here a book of Spatial Translocations.
You see here a book of the Earth.
You see here an uncursed staff of death.
You see here a +1 scale mail of magic resistance.
You see here an uncursed staff of poison.
You see here a +6 mace of holy wrath.
You start resting.
HP restored.
There is a transporter here.
An exit appears before you!
You enter the transporter and appear at another place.
Found the Orb of Zot.
Found a staircase leading out of the dungeon.
You see here the Orb of Zot.
You pick up the Orb of Zot!
The Orb lets out a hideous shriek!
The lords of Pandemonium are not amused.
Beware!
Now all you have to do is get back out of the dungeon!
You can't go up here!
There is a staircase leading out of the dungeon here.
You have escaped!

..†)))†.....▓.......†.....▓...8©8
...)))......▓.............▓..[).}
...)))......▓.............▓..".).
............▓.............▓......
............▓........†....▓......
............▓▓▓▓▓▓▓▓▓▓▓▓▓▓▓......
▓...(...▓...▓8888888888888▓....|)
.▓.....▓.▓..▓8...........8▓..▓.[[
▓.......▓...▓8..@3.......8▓.▓.[..
............▓8...........8▓..÷...
............▓8888888888888▓▓▓▓▓▓▓
▓▓▓▓▓▓▓▓▓▓▓▓▓▓▓▓▓▓▓▓▓▓▓▓▓▓▓▓▓▓▓▓▓
.....8©8........▓..).....8©8.....
:..))).::[}).||.▓..:).=|.":[)["".
[)[?)).)"[)=|.|.▓.)[}:[)[=})").)}
.}.:)"}::=})..=.▓.[))?.[[.)))=.)=
...|...)........▓.......):)))†...


You could see a friendly neqoxec.

Vanquished Creatures
  Dissolution (D)
  Tiamat (D)
  Khufu (D)
  A juggernaut (shapeshifter) (D)
  Sojobo (D)
  Boris (D)
  A shard shrike (shapeshifter) (D)
  A caustic shrike (shapeshifter) (D)
  Nikola (D)
  4 electric golems (D)
  2 deep elf master archers (D)
  11 titans (D)
  A deep elf blademaster (D)
  A titan (shapeshifter) (D)
  2 quicksilver dragons (D)
  An acid blob (shapeshifter) (D)
  3 krakens (D)
  6 acid blobs (D)
  Chuck (D)
  Kirke (D)
  6 storm dragons (D)
  2 storm dragons (shapeshifter) (D)
  4 fire giants (D)
  5 azure jellies (D)
  2 deep elf sorcerers (D)
  2 balrugs (D)
  2 ghost moths (D)
  A vault warden (D)
  7 frost giants (D)
  3 stone giants (D)
  3 reapers (D)
  2 deep elf annihilators (D)
  A vampire knight (D)
  A spark wasp (D)
  4 crystal guardians (D)
  A spark wasp (shapeshifter) (D)
  5 merfolk javelineers (D)
  A deep elf death mage (D)
  5 ettins (D)
  2 death oozes (D)
  4 fire dragons (D)
  5 merfolk impalers (D)
  2 great orbs of eyes (D)
  18 spriggan air magi (D)
  A catoblepas (shapeshifter) (D)
  A merfolk avatar (D)
  An anaconda (shapeshifter) (D)
  An alligator snapping turtle (D)
  9 merfolk aquamancers (D)
  A two-headed ogre (shapeshifter) (D)
  4 dancing weapons (D)
  A two-headed ogre (D)
  2 vampire magi (D)
  A hell hog (D)
  2 thrashing horrors (D)
  6 iron golems (D)
  A hell knight (D)
  2 shock serpents (shapeshifter) (D)
  4 deep elf knights (D)
  A wretched star (D)
  2 sea snakes (D)
  A death drake (D)
  2 glowing orange brains (shapeshifter) (D)
  2 sea snakes (shapeshifter) (D)
  A death drake (shapeshifter) (D)
  A swamp dragon (D)
  A flayed ghost (D)
  2 spriggan druids (D)
  An orc knight (D)
  6 deep elf magi (D)
  A necromancer (D)
  2 deep elf archers (D)
  5 cyclopes (D)
  An orb spider (D)
  5 wolf spiders (D)
  An elephant (shapeshifter) (D)
  A salamander (shapeshifter) (D)
  A faun (shapeshifter) (D)
  3 shining eyes (shapeshifter) (D)
  3 moths of wrath (D)
  3 merfolk sirens (D)
  A guardian serpent (shapeshifter) (D)
  A water nymph (D)
  A black mamba (shapeshifter) (D)
  2 water nymphs (shapeshifter) (D)
  A torpor snail (D)
  A torpor snail (shapeshifter) (D)
  2 eyes of devastation (D)
  2 komodo dragons (D)
  5 hellions (D)
  7 tormentors (D)
  A rime drake (D)
  A yaktaur (D)
  A yaktaur (shapeshifter) (D)
  4 demonic crawlers (D)
  A red devil (D)
  An ancient zyme (D)
  A troll (shapeshifter) (D)
  3 merfolk (D)
  A meliai (shapeshifter) (D)
  3 jumping spiders (D)
  8 wind drakes (D)
  11 hornets (D)
  11 slime creatures (D)
  A wind drake (shapeshifter) (D)
  A snapping turtle (D)
  A snapping turtle (shapeshifter) (D)
  5 flying skulls (D)
  7 redbacks (D)
  A vampire (D)
  7 spriggans (D)
  9 air elementals (D)
  4 redbacks (shapeshifter) (D)
  2 ynoxinuls (D)
  4 shadows (D)
  A water elemental (D)
  3 wraiths (D)
  Eustachio (D)
  2 tarantellas (D)
  A yak (shapeshifter) (D)
  2 golden eyes (D)
  2 steam dragons (D)
  9 insubstantial wisps (D)
  A soldier ant (shapeshifter) (D)
  4 swamp worms (shapeshifter) (D)
  An acid dragon (D)
  A floating eye (shapeshifter) (D)
  2 floating eyes (D)
  4 hell hounds (D)
  2 black bears (D)
  A sky beast (D)
  2 phantoms (D)
  2 small abominations (D)
  An eye of draining (shapeshifter) (D)
  An ogre (D)
  A wolf (D)
  5 necrophages (D)
  A crocodile (D)
  A bullfrog (D)
  5 earth elementals (D)
  2 wights (D)
  2 crimson imps (D)
  2 quasits (D)
  A jelly (D)
  An orc priest (D)
  An iguana (D)
  A shadow imp (D)
  2 ufetubi (D)
  An ooze (D)
  5 adder zombies (D)
  5 adder skeletons (D)
  2 orcs (D)
  4 bat skeletons (D)
  3 bat zombies (D)
  A ball python zombie (D)
  3 giant cockroach zombies (D)
  A jackal skeleton (D)
  A jackal zombie (D)
  A leopard gecko skeleton (D)
  A leopard gecko zombie (D)
  3 quokka skeletons (D)
  A quokka zombie (D)
  12 tentacles (D)
437 creatures vanquished.

Vanquished Creatures (collateral kills)
  An electric golem (D)
  A kraken (D)
  A storm dragon (D)
  A deep elf sorcerer (D)
  A reaper (D)
  Snorg (D)
  A merfolk javelineer (D)
  A merfolk impaler (D)
  A spriggan air mage (D)
  A merfolk avatar (D)
  4 merfolk aquamancers (D)
  A dancing weapon (D)
  A shock serpent (shapeshifter) (D)
  An iron golem (D)
  A fire crab (shapeshifter) (D)
  A hell knight (D)
  A sea snake (D)
  A lindwurm (shapeshifter) (D)
  A deep elf archer (D)
  An orc knight (D)
  A necromancer (D)
  A wolf spider (D)
  A harpy (D)
  An orb spider (D)
  5 deep elf magi (D)
  2 manticores (D)
  A yaktaur (shapeshifter) (D)
  4 hellions (D)
  A troll (D)
  A merfolk (D)
  A wind drake (shapeshifter) (D)
  A polar bear (shapeshifter) (D)
  A tyrant leech (shapeshifter) (D)
  2 jumping spiders (D)
  2 hornets (D)
  A slime creature (D)
  A snapping turtle (D)
  A tarantella (D)
  5 spriggans (D)
  2 redbacks (D)
  A wyvern (D)
  A porcupine (D)
  An ogre (D)
  2 phantoms (D)
  2 necrophages (D)
  A wight (D)
  A quasit (D)
  4 jellies (D)
  An iron imp (D)
  An adder (shapeshifter) (D)
  2 adder zombies (D)
  An adder skeleton (D)
  3 bat zombies (D)
  A ball python (shapeshifter) (D)
  A giant cockroach zombie (D)
  A tentacle (D)
82 creatures vanquished.

Vanquished Creatures (others)
  Asmodeus (D)
  A titan (shapeshifter) (D)
  Polyphemus (D)
  Gastronok (D)
  A stone giant (D)
  A merfolk javelineer (D)
  Josephine (D)
  Nergalle (D)
  Urug (D)
  Sonja (D)
  A deep elf archer (D)
  Joseph (D)
  A rime drake (D)
  Prince Ribbit (D)
  Grinder (D)
  Ijyb (D)
  A bat skeleton (D)
  12 tentacles (D)
29 creatures vanquished.

Grand Total: 548 creatures vanquished

Notes
Turn   | Place    | Note
-------+----------+-------------------------------------------
     0 | D        | hilaritas the Troll Fighter began the quest for the Orb.
     0 | D        | Reached XP level 1. HP: 22/22 MP: 0/0
    14 | D        | Found a blossoming altar of Fedhas.
    15 | D        | Found a transporter.
    15 | D        | Found a viscous altar of Jiyva.
    15 | D        | Found an ancient bone altar of Kikubaaqudgha.
    15 | D        | Found a hazy altar of Hepliaklqana.
    15 | D        | Found a corrupted altar of Lugonu.
    15 | D        | Found an opulent altar of Gozag.
    15 | D        | Found a burning altar of Makhleb.
    16 | D        | Found a sacrificial altar of Ru.
    16 | D        | Found a stormy altar of Qazlal.
    16 | D        | Found a deep blue altar of Sif Muna.
    16 | D        | Found an iron altar of Okawaru.
    16 | D        | Found a bloodstained altar of Trog.
    16 | D        | Found a sparkling altar of Nemelex Xobeh.
    75 | D        | Became a worshipper of Uskayaw the Reveler
    77 | D        | Reached XP level 2. HP: 29/29 MP: 1/1
    89 | D        | Entered arena 2.
    89 | D        | Noticed a spriggan
    89 | D        | Noticed a black bear
    89 | D        | Found a transporter.
    92 | D        | Reached * piety under Uskayaw
    93 | D        | Reached ** piety under Uskayaw
    94 | D        | Killed a black bear
    94 | D        | Reached XP level 3. HP: 14/36 MP: 2/2
    94 | D        | Reached XP level 4. HP: 17/44 MP: 3/3
    94 | D        | Reached *** piety under Uskayaw
    95 | D        | Killed a spriggan
    95 | D        | Reached XP level 5. HP: 21/50 MP: 4/4
   106 | D        | Killed Josephine
   148 | D        | Entered arena 3.
   148 | D        | Found a transporter.
   153 | D        | Reached XP level 6. HP: 59/59 MP: 5/5
   164 | D        | Entered arena 4.
   164 | D        | Noticed a troll
   164 | D        | Noticed a two-headed ogre
   164 | D        | Found a transporter.
   167 | D        | Killed a two-headed ogre
   167 | D        | Reached XP level 7. HP: 66/66 MP: 6/6
   169 | D        | Reached skill level 1 in Armour
   169 | D        | Reached skill level 1 in Invocations
   170 | D        | Killed a troll
   189 | D        | Entered arena 5.
   189 | D        | Killed Joseph
   189 | D        | Found a transporter.
   190 | D        | Reached XP level 8. HP: 79/79 MP: 8/8
   202 | D        | Entered arena 6.
   202 | D        | Found a transporter.
   206 | D        | Reached skill level 5 in Fighting
   228 | D        | Entered arena 7.
   228 | D        | Noticed a spriggan rider
   228 | D        | Noticed a spriggan rider
   229 | D        | Found a transporter.
   233 | D        | Killed a hornet
   235 | D        | Reached XP level 9. HP: 53/93 MP: 9/11
   235 | D        | Reached **** piety under Uskayaw
   237 | D        | Reached skill level 5 in Invocations
   318 | D        | Entered arena 8.
   318 | D        | Noticed a komodo dragon
   318 | D        | Noticed a komodo dragon
   319 | D        | Found a transporter.
   322 | D        | Killed a komodo dragon
   322 | D        | Reached skill level 5 in Armour
   323 | D        | Noticed an ice devil
   324 | D        | Killed a komodo dragon
   346 | D        | Entered arena 9.
   347 | D        | Paralysed by a floating eye for 4 turns
   352 | D        | Found a transporter.
   362 | D        | Identified the Almanac of the Snowflakes (You found it in the Dungeon)
   368 | D        | Entered arena 10.
   368 | D        | Noticed an orc knight
   368 | D        | Noticed a vault warden
   368 | D        | Noticed an orc knight
   368 | D        | Noticed a wolf spider
   368 | D        | Noticed a deep elf archer
   368 | D        | Noticed a yaktaur
   368 | D        | Noticed a harpy
   369 | D        | Found a transporter.
   374 | D        | Killed a wolf spider
   375 | D        | Killed a yaktaur
   375 | D        | Reached XP level 10. HP: 95/107 MP: 12/14
   375 | D        | Killed a harpy
   376 | D        | Reached ***** piety under Uskayaw
   377 | D        | Killed an orc knight
   377 | D        | Reached skill level 10 in Shields
   377 | D        | Killed an orc knight
   377 | D        | Reached skill level 10 in Fighting
   381 | D        | Killed a deep elf archer
   381 | D        | Reached skill level 1 in Evocations
   382 | D        | Killed a vault warden
   403 | D        | Got the ring "Fuesuit" {Fire MR+}
   409 | D        | Entered arena 11.
   409 | D        | Noticed a spriggan rider
   409 | D        | Noticed a spriggan druid
   409 | D        | Noticed a spriggan druid
   409 | D        | Noticed a spriggan rider
   410 | D        | Found a transporter.
   419 | D        | Killed a spriggan druid
   419 | D        | Reached XP level 11. HP: 102/117 MP: 16/16
   419 | D        | Killed a spriggan druid
   419 | D        | Reached skill level 5 in Dodging
   440 | D        | Identified the Tome of the Creative Snowflakes (You found it in the Dungeon)
   449 | D        | Entered arena 12.
   449 | D        | Noticed a deep elf mage
   449 | D        | Noticed a deep elf mage
   449 | D        | Noticed a deep elf mage
   449 | D        | Noticed a deep elf knight
   449 | D        | Noticed a deep elf mage
   450 | D        | Noticed a deep elf knight
   450 | D        | Noticed a deep elf mage
   450 | D        | Noticed a deep elf knight
   450 | D        | Noticed a mace of protection
   450 | D        | Noticed a deep elf sorcerer
   451 | D        | Found a transporter.
   455 | D        | Killed a deep elf knight
   456 | D        | Killed a deep elf mage
   456 | D        | Reached skill level 10 in Invocations
   456 | D        | Reached skill level 5 in Evocations
   456 | D        | Killed a mace of protection
   456 | D        | Reached skill level 10 in Armour
   459 | D        | Noticed a sun demon
   460 | D        | Killed a deep elf knight
   460 | D        | Killed a deep elf knight
   460 | D        | Killed a deep elf sorcerer
   460 | D        | Killed a deep elf mage
   463 | D        | Killed a deep elf mage
   465 | D        | Killed a deep elf mage
   466 | D        | Killed a deep elf mage
   469 | D        | Killed Ijyb
   488 | D        | Killed Sonja
   591 | D        | Entered arena 13.
   591 | D        | Noticed a storm dragon
   591 | D        | Noticed a spriggan air mage
   592 | D        | Noticed a storm dragon
   592 | D        | Noticed a spriggan air mage
   592 | D        | Noticed a spriggan air mage
   592 | D        | Noticed a spriggan air mage
   599 | D        | Killed a spriggan air mage
   599 | D        | Killed a spriggan air mage
   599 | D        | Killed a spriggan air mage
   599 | D        | Reached XP level 12. HP: 27/126 MP: 19/19
   599 | D        | Killed a spriggan air mage
   599 | D        | Killed a storm dragon
   600 | D        | Killed a storm dragon
   614 | D        | Found a transporter.
   624 | D        | Killed Urug
   630 | D        | Got the cursed ring "Heeqogre" {+Blink rElec rC+++ Str-2 Int-3}
   744 | D        | Entered arena 14.
   745 | D        | Noticed a fire dragon
   746 | D        | Noticed a fire dragon
   747 | D        | Noticed a fire dragon
   747 | D        | Noticed a fire dragon
   748 | D        | Found a transporter.
   753 | D        | Killed a fire dragon
   754 | D        | Killed a fire dragon
   755 | D        | Killed a fire dragon
   755 | D        | Reached skill level 10 in Evocations
   755 | D        | Killed a fire dragon
   770 | D        | Identified the Almanac of Shifting Sinister Magic (You found it in the Dungeon)
   773 | D        | Identified the Almanac of Shifting Sinister Magic (You found it in the Dungeon)
   780 | D        | Entered arena 15.
   781 | D        | Noticed a merfolk impaler
   781 | D        | Noticed a merfolk javelineer
   781 | D        | Noticed a merfolk aquamancer
   782 | D        | Noticed a merfolk avatar
   782 | D        | Noticed a merfolk aquamancer
   782 | D        | Noticed a merfolk impaler
   783 | D        | Found a transporter.
   786 | D        | Killed a merfolk aquamancer
   788 | D        | Killed a merfolk impaler
   792 | D        | Killed a merfolk aquamancer
   795 | D        | Reached XP level 13. HP: 48/135 MP: 22/22
   796 | D        | Killed a merfolk javelineer
   796 | D        | Reached ****** piety under Uskayaw
   804 | D        | Killed a merfolk impaler
   815 | D        | Identified the Grimoire of Supportive Attacks (You found it in the Dungeon)
   958 | D        | Identified the Compendium of Ashen Feathers (You found it in the Dungeon)
   971 | D        | Killed Nergalle
  1015 | D        | Entered arena 16.
  1017 | D        | Noticed a deep elf sorcerer
  1018 | D        | Found a transporter.
  1027 | D        | Reached skill level 15 in Axes
  1028 | D        | Killed a deep elf sorcerer
  1115 | D        | Learned a level 2 spell: Blink
  1119 | D        | Identified the Incunabulum of the Boosting Arsonist (You found it in the Dungeon)
  1122 | D        | Learned a level 2 spell: Swiftness
  1142 | D        | Entered arena 17.
  1142 | D        | Noticed a vampire knight
  1150 | D        | Killed Prince Ribbit
  1153 | D        | Killed a vampire knight
  1171 | D        | Found a transporter.
  1189 | D        | Got the amulet of the Traitor {Reflect rElec rPois SH+2}
  1195 | D        | Identified the Grimoire of the Displaced Frostbite (You found it in the Dungeon)
  1200 | D        | Entered arena 18.
  1203 | D        | Noticed a crystal guardian
  1203 | D        | Noticed a quicksilver dragon
  1203 | D        | Noticed a crystal guardian
  1204 | D        | Noticed a crystal guardian
  1204 | D        | Noticed a stone giant
  1205 | D        | Noticed a crystal guardian
  1205 | D        | Found a transporter.
  1205 | D        | Noticed a quicksilver dragon
  1211 | D        | Killed a quicksilver dragon
  1213 | D        | Killed a quicksilver dragon
  1213 | D        | Killed a stone giant
  1213 | D        | Killed a crystal guardian
  1216 | D        | HP: 5/140 [crystal guardian/crystal bolt (17)]
  1219 | D        | HP: 2/140 [crystal guardian/crystal bolt (4)]
  1225 | D        | Killed a crystal guardian
  1229 | D        | Killed a crystal guardian
  1231 | D        | Killed a crystal guardian
  1231 | D        | Reached XP level 14. HP: 30/153 MP: 23/23
  1421 | D        | Got the ring of Goxirr {+Blink rPois MR+ Str+9 Slay-3}
  1435 | D        | Got the ring "Iloimiat" {Wiz Int+7}
  1442 | D        | Entered arena 19.
  1449 | D        | Noticed a reaper
  1457 | D        | Found a transporter.
  1459 | D        | Killed a reaper
  1493 | D        | Got the ring "Bibeek" {Wiz rF++}
  1495 | D        | Identified the Reference Book on the Blaze (You found it in the Dungeon)
  1506 | D        | Entered arena 20.
  1512 | D        | Noticed a deep elf sorcerer
  1512 | D        | Noticed a deep elf master archer
  1512 | D        | Noticed a deep elf master archer
  1513 | D        | Noticed a deep elf blademaster
  1514 | D        | Found a transporter.
  1526 | D        | Reached skill level 15 in Fighting
  1528 | D        | Killed a deep elf master archer
  1528 | D        | Killed a deep elf sorcerer
  1528 | D        | Killed a deep elf blademaster
  1530 | D        | Killed a deep elf master archer
  1530 | D        | Reached skill level 15 in Armour
  1613 | D        | Entered arena 21.
  1613 | D        | Noticed Dissolution
  1615 | D        | Noticed Snorg
  1622 | D        | Noticed Eustachio
  1622 | D        | Noticed Polyphemus
  1623 | D        | Noticed Khufu
  1625 | D        | Noticed Grinder
  1626 | D        | Killed Dissolution
  1626 | D        | Reached XP level 15. HP: 136/176 MP: 24/24
  1627 | D        | Killed Snorg
  1628 | D        | Noticed Asmodeus
  1628 | D        | Noticed Sojobo
  1628 | D        | Killed Grinder
  1630 | D        | Noticed Tiamat
  1630 | D        | Noticed Nikola
  1630 | D        | Noticed Gastronok
  1631 | D        | Noticed Kirke
  1631 | D        | Killed Eustachio
  1633 | D        | Noticed Boris
  1636 | D        | Noticed Chuck
  1637 | D        | Killed Polyphemus
  1640 | D        | Killed Tiamat
  1640 | D        | Reached skill level 15 in Shields
  1641 | D        | Killed Kirke
  1642 | D        | Killed Sojobo
  1643 | D        | Killed Asmodeus
  1643 | D        | Killed Gastronok
  1645 | D        | Killed Khufu
  1650 | D        | Killed Chuck
  1651 | D        | HP: 3/189 [disintegration (49)]
  1657 | D        | Killed Nikola
  1657 | D        | Killed Boris
  1684 | D        | Got the amulet "Dioreggo" {Spirit rN+ MR+ Dex+4}
  1725 | D        | Found a transporter.
  1865 | D        | Entered arena 22.
  1871 | D        | Noticed a titan
  1871 | D        | Noticed a fire giant
  1871 | D        | Noticed a frost giant
  1871 | D        | Noticed a frost giant
  1872 | D        | Noticed a titan
  1872 | D        | Noticed a fire giant
  1872 | D        | Noticed a titan
  1872 | D        | Noticed a frost giant
  1872 | D        | Noticed a titan
  1872 | D        | Noticed a titan
  1872 | D        | Noticed a frost giant
  1872 | D        | Noticed a frost giant
  1873 | D        | Noticed a titan
  1873 | D        | Noticed a fire giant
  1873 | D        | Noticed a fire giant
  1873 | D        | Noticed a titan
  1873 | D        | Noticed a frost giant
  1873 | D        | Noticed a frost giant
  1874 | D        | Found a transporter.
  1878 | D        | Killed a frost giant
  1880 | D        | Killed a titan
  1881 | D        | Killed a titan
  1881 | D        | Killed a fire giant
  1881 | D        | Reached XP level 16. HP: 148/204 MP: 25/25
  1882 | D        | Killed a titan
  1885 | D        | Killed a titan
  1886 | D        | Killed a titan
  1887 | D        | Killed a titan
  1888 | D        | Killed a titan
  1948 | D        | Got the ring "Ytiboo" {+Blink rN+ MP+9 Dex-3}
  1969 | D        | Entered arena 23.
  1976 | D        | Noticed an acid blob
  1976 | D        | Noticed an acid blob
  1976 | D        | Noticed an acid blob
  1978 | D        | Noticed an acid blob
  1978 | D        | Noticed an acid blob
  1979 | D        | Noticed an acid blob
  1980 | D        | Found a transporter.
  1984 | D        | Reached skill level 27 in Fighting
  1987 | D        | Killed an acid blob
  1987 | D        | Killed an acid blob
  1987 | D        | Killed an acid blob
  1988 | D        | Killed an acid blob
  1988 | D        | Reached XP level 17. HP: 195/226 MP: 26/26
  1989 | D        | Killed an acid blob
  1995 | D        | Killed an acid blob
  2027 | D        | Identified the Papyrus of the Rocks and Companions (You found it in the Dungeon)
  2053 | D        | Entered arena 24.
  2060 | D        | Noticed a kraken
  2063 | D        | Noticed a kraken
  2063 | D        | Noticed a kraken
  2070 | D        | Found a transporter.
  2071 | D        | Killed a kraken
  2075 | D        | Killed a kraken
  2079 | D        | Reached skill level 15 in Invocations
  2083 | D        | Noticed a kraken
  2092 | D        | Killed a kraken
  2092 | D        | Reached skill level 1 in Charms
  2092 | D        | Reached skill level 1 in Translocations
  2092 | D        | Reached skill level 1 in Air Magic
  2102 | D        | Killed a kraken
  2117 | D        | Got the ring "Zeafix" {rPois rF+ rC+ MR- Dex+7}
  2149 | D        | Identified the Tome of Companions and Shape Shifting (You found it in the Dungeon)
  2184 | D        | Entered arena 25.
  2204 | D        | Found a transporter.
  2209 | D        | Reached skill level 5 in Translocations
  2267 | D        | Identified the Tome of Envenoming (You found it in the Dungeon)
  2292 | D        | Learned a level 1 spell: Apportation
  2293 | D        | Identified the Guide on Hexes and Sinister Rites (You found it in the Dungeon)
  2297 | D        | Learned a level 3 spell: Portal Projectile
  2306 | D        | Entered arena 26.
  2320 | D        | Noticed an electric golem
  2321 | D        | Noticed an electric golem
  2321 | D        | Noticed an electric golem
  2321 | D        | Noticed an electric golem
  2323 | D        | Noticed an electric golem
  2324 | D        | Noticed a titan
  2324 | D        | Noticed a titan
  2325 | D        | Noticed a titan
  2327 | D        | Reached skill level 1 in Hexes
  2327 | D        | Reached skill level 5 in Charms
  2328 | D        | Noticed a titan
  2331 | D        | Found a transporter.
  2342 | D        | Killed a titan
  2342 | D        | Reached XP level 18. HP: 74/236 MP: 24/29
  2346 | D        | Killed an electric golem
  2362 | D        | Killed an electric golem
  2364 | D        | Killed an electric golem
  2364 | D        | Reached skill level 15 in Evocations
  2366 | D        | Killed an electric golem
  2376 | D        | Killed an electric golem
  2601 | D        | Got the ring "Ficeogen" {+Fly rF+ rN+ MR+ Str-5}
  2633 | D        | Got the ring "Ycoxkol" {rF++ rC+ Dex+2}
  2666 | D        | Got the ring of Qask {*Corrode *Drain +Fly EV+3 Dex+6}
  2681 | D        | Identified the Volume of the Creative Snowflakes (You found it in the Dungeon)
  2697 | D        | Entered arena 27.
  2713 | D        | Noticed a shard shrike
  2713 | D        | Noticed a shard shrike
  2713 | D        | a glowing shapeshifter changed into a shard shrike
  2715 | D        | Noticed a shard shrike
  2715 | D        | Noticed a shard shrike
  2717 | D        | Noticed a shard shrike
  2718 | D        | a shard shrike changed into a titan
  2718 | D        | Noticed a juggernaut
  2718 | D        | a shard shrike changed into a juggernaut
  2718 | D        | a shard shrike changed into a titan
  2719 | D        | Noticed a juggernaut
  2719 | D        | a glowing shapeshifter changed into a juggernaut
  2719 | D        | a shard shrike changed into an acid blob
  2719 | D        | Paralysed by a floating eye for 4 turns
  2723 | D        | Noticed a golden dragon
  2723 | D        | a juggernaut changed into a golden dragon
  2723 | D        | a juggernaut changed into an acid blob
  2724 | D        | a golden dragon changed into an acid blob
  2724 | D        | Noticed a caustic shrike
  2724 | D        | an acid blob changed into a caustic shrike
  2724 | D        | Noticed a juggernaut
  2724 | D        | a titan changed into a juggernaut
  2725 | D        | a juggernaut changed into a titan
  2727 | D        | Noticed a juggernaut
  2727 | D        | a titan changed into a juggernaut
  2729 | D        | a shard shrike changed into a titan
  2731 | D        | Killed a caustic shrike
  2733 | D        | Noticed a shard shrike
  2733 | D        | a titan changed into a shard shrike
  2736 | D        | Killed a juggernaut
  2739 | D        | Killed a shard shrike
  2745 | D        | Found a transporter.
  2752 | D        | Noticed a golden dragon
  2752 | D        | an iron dragon changed into a golden dragon
  2755 | D        | a golden dragon changed into an iron dragon
  2821 | D        | Identified the Almanac of the Oath and Aid (You found it in the Dungeon)
  2821 | D        | Identified the Almanac of the Oath and Aid (You found it in the Dungeon)
  2913 | D        | Entered arena 28.
  2916 | D        | Reached XP level 19. HP: 102/245 MP: 32/32
  2951 | D        | Reached skill level 27 in Armour
  2962 | D        | Found a transporter.
  2975 | D        | Identified the Collected Works on Shifting Malediction (You found it in the Dungeon)
  2998 | D        | Got the amulet of Resikhlite {Spirit rF++}
  3011 | D        | Got the amulet of Zieniem {Harm *Drain +Fly MR+ Slay-4}
  3014 | D        | Identified the Disquisition on the Compass and Aid (You found it in the Dungeon)
  3094 | D        | Got the Orb of Zot
  3099 | D        | Escaped with the Orb!

Skill      XL: |  1  2  3  4  5  6  7  8  9 10 11 12 13 14 15 16 17 18 19 |
---------------+----------------------------------------------------------+-----
Shields        | 6 7 8 9 10 14 15 | 15.0
Axes           | 6 9 12 13 18 20 23 | 23.7
Fighting       | 4 7 9 10 13 18 23 27 | 27.0
Armour         | 2 4 6 9 11 15 16 20 23 26 27 | 27.0
Invocations    | 2 4 7 9 11 14 16 20 | 20.7
Evocations     | 3 7 10 13 16 17 | 17.3
Dodging        | 4 8 |  8.9
Charms         | 5 |  5.0
Translocations | 5 |  5.6
Air Magic      | 4 |  4.9
Hexes          | 1 |  1.1

Action                   |  1- 3 |  4- 6 |  7- 9 | 10-12 | 13-15 | 16-18 | 19-21 || total
-------------------------+-------+-------+-------+-------+-------+-------+-------++-------
Melee: Broad axe         |     4 |     6 |    32 |    60 |   144 |   140 |    10 ||   396
Throw: Javelin           |       |       |       |       |       |     2 |       ||     2
Evoke: Lightning rod     |       |       |       |     3 |       |       |       ||     3
       Sack of spiders   |       |       |       |       |     1 |     7 |     2 ||    10
       Phantom mirror    |       |       |       |       |       |     4 |     1 ||     5
       Box of beasts     |       |       |       |       |       |     2 |     2 ||     4
  Use: Potion            |     1 |       |       |     4 |    13 |    21 |     7 ||    46
       Scroll            |       |       |     1 |       |     3 |     8 |     4 ||    16
 Stab: Paralysed         |       |     1 |    11 |    23 |    53 |    61 |     1 ||   150
       Distracted        |       |       |     1 |     1 |     1 |     1 |       ||     4
  Eat: Chunk             |       |     4 |     4 |     4 |    10 |     7 |       ||    29
Armor: Gold dragon scale |     4 |       |    19 |    33 |    35 |   112 |       ||   203
Dodge: Dodged            |       |       |       |    14 |    28 |    55 |       ||    97
       Deflected         |       |       |       |     3 |       |       |       ||     3
Block: Shield            |     9 |     6 |    51 |   112 |   175 |   270 |     9 ||   632
       Reflection        |       |       |       |     8 |    18 |    15 |     1 ||    42
